 Dungeon Crawl Stone Soup version 0.30.1-11-g7821555f0a (webtiles) character file.

Game seed: 9481557573760504136

1655 jagang the Slasher (level 9, -6/70 HPs)
             Began as a Human Monk on Jan 5, 2024.
             Mangled by Duvessa
             ... wielding a +0 rapier
              (12 damage)
             ... on level 5 of the Dungeon.
             The game lasted 00:12:28 (5663 turns).

jagang the Slasher (Human Monk)                     Turns: 5663, Time: 00:12:28

Health: -6/70      AC: 14    Str: 13    XL:     9   Next: 20%
Magic:  0/13       EV:  5    Int: 10    God:
Gold:   164        SH:  0    Dex: 19    Spells: 8/8 levels left

rFire   . . .        A - +0 long sword
rCold   . . .        d - orb {light}
rNeg    . . .        k - +0 plate armour
rPois   .            t - +0 helmet
rElec   .            v - +0 cloak
rCorr   .            (no gloves)
SInv    .            (no boots)
Will    .....        i - amulet of guardian spirit Stlth
                     r - ring of flight
HPRegen 0.31/turn    (no ring)
MPRegen 0.13/turn

%: guardian spirit
@: flying, glowing
A: no striking features
a: no special abilities


You were on level 5 of the Dungeon.
You visited 1 branch of the dungeon, and saw 6 of its levels.

You collected 318 gold pieces.
You spent 154 gold pieces at shops.

Inventory:

Hand Weapons
 A - a +0 long sword (weapon)
Missiles
 q - 5 boomerangs (quivered)
 u - 4 poisoned darts
Armour
 d - an orb of light (worn)
 k - a +0 plate armour (worn)
 t - a +0 helmet (worn)
 v - a +0 cloak (worn)
Jewellery
 i - an amulet of guardian spirit (around neck)
 r - a ring of flight (left hand)
 D - a ring of wizardry
Wands
 z - a wand of digging (3)
Scrolls
 a - a scroll of silence
 f - a scroll of fog
 g - 2 scrolls of teleportation
 j - a scroll of poison
 l - a scroll of amnesia
 n - a scroll of enchant weapon {unknown}
 p - a scroll of identify
 s - a scroll of enchant armour {unknown}
 y - a scroll of magic mapping {unknown}
 C - a scroll of fear {unknown}
Potions
 b - 2 potions of flight {unknown}
 c - a potion of ambrosia
 e - a potion of might {unknown}
 h - 3 potions of mutation {unknown}
 m - a potion of brilliance {unknown}
 o - a potion of berserk rage {unknown}
 x - 2 potions of curing
 B - 2 potions of cancellation {unknown}


   Skills:
 + Level 6.3 Fighting
 + Level 6.3 Long Blades
 + Level 5.3 Armour
 - Level 3.0 Dodging
 + Level 5.6 Invocations


You had 8 spell levels left.
You didn't know any spells.
Your spell library contained the following spells:

 Spells                   Type           Power      Damage    Failure   Level
 Beastly Appendage        Tmut           0%         N/A       100%        1
 Necrotise                Necr           0%         1d4       100%        1
 Cigotuvi's Dreadful Rot  Necr/Pois/Air  0%         N/A       100%        2
 Wereblood                Tmut           0%         N/A       100%        2
 Dazzling Flash           Conj/Hex       0%         N/A       100%        3
 Spider Form              Tmut/Pois      0%         N/A       100%        3
 Summon Guardian Golem    Hex/Summ       0%         N/A       100%        3
 Vampiric Draining        Necr           0%         2d6       100%        3
 Volatile Blastmotes      Fire/Tloc      0%         2d10      100%        3
 Dispel Undead            Necr           0%         3d6       100%        4
 Iskenderun's Mystic Bla  Conj/Tloc      0%         2d3       100%        4
 Agony                    Necr           0%         N/A       100%        5
 Death Channel            Necr           0%         N/A       100%        6
 Starburst                Conj/Fire      0%         6d3       100%        6
 Orb of Destruction       Conj           0%         9d5       100%        7
 Spellforged Servitor     Conj/Summ      0%         N/A       100%        7


Dungeon Overview and Level Annotations

Branches:
Dungeon (6/15)
 Temple: D:4-7

Altars:
Dithmenos
Gozag
Nemelex Xobeh

Shops:
D:1 (   D:4 *!!   D:5 [

Annotations:
D:5 Duvessa


Message History

Duvessa barely misses you.
Things that are here:
a +0 dagger; a +0 robe; the elf corpse of Dowan Duvessa attacks as you move away!
Duvessa hits you but does no damage. Duvessa hits you with a +0 rapier!
You hear an angry hiss.
You slash Duvessa!
Duvessa is lightly wounded.
The gnoll is no longer moving quickly.
Duvessa hits you with a +0 rapier!
* * * LOW HITPOINT WARNING * * *
You hit Duvessa but do no damage.
Duvessa is lightly wounded.
Duvessa hits you with a +0 rapier.
* * * LOW HITPOINT WARNING * * *
An adder comes into view.
Duvessa hits you with a +0 rapier.
* * * LOW HITPOINT WARNING * * *
You feel much better. Duvessa hits you with a +0 rapier!
* * * LOW HITPOINT WARNING * * *
You feel much better. Duvessa hits you but does no damage.
Duvessa hits you with a +0 rapier.
You hit Duvessa but do no damage.
Duvessa is lightly wounded.
Duvessa barely misses you. Duvessa hits you with a +0 rapier!
* * * LOW HITPOINT WARNING * * *
You slash Duvessa!
Duvessa is moderately wounded.
Duvessa hits you but does no damage.
You slash Duvessa!
Duvessa is heavily wounded.
Duvessa barely misses you. Duvessa hits you with a +0 rapier.
* * * LOW HITPOINT WARNING * * *
You hit Duvessa.
Duvessa is heavily wounded.
Duvessa hits you with a +0 rapier.
* * * LOW HITPOINT WARNING * * *
You hit Duvessa.
Duvessa is heavily wounded.
Duvessa hits you with a +0 rapier!
You die...

#...............## ###.......
#.......#.##.....# #.........
#.........##.....####.#.......
#........###...#.#............
###.....###...##.#.#.###......
#.....##...#.......# ###....
#.....##.....#....## #.#.# .
#...........##..######...#.#
#.#
......##..#@##.........##..#
#...######...##.eg.)...######.
........##...####S.....#
#......###........##
#...#†........>........
#...#.......>..........##
..........###...###......#
#.....###......## ####.....
..##.. ..##..... .....


You could see Duvessa (berserk), a gnoll and an adder.

Vanquished Creatures
  A shadow (D:6)
  Sigmund (D:3)
  A water moccasin (D:3)
  A black bear (D:3)
  An orc warrior (D:6)
  An ogre (D:5)
  2 phantoms
  Blork the orc (D:4)
  A scorpion (D:4)
  Dowan (D:5)
  2 howler monkeys (D:6)
  A hound (D:6)
  3 jellies
  2 orc priests
  A sleepcap (D:4)
  An iguana (D:4)
  5 orc wizards
  Robin (D:3)
  A gnoll (D:2)
  8 adders
  A white imp (D:6)
  2 worms
  4 dart slugs
  12 orcs
  6 ball pythons
  11 bats
  6 endoplasms
  2 giant cockroaches
  11 goblins
  9 hobgoblins
  4 jackals (D:2)
  2 quokkas
  3 frilled lizards
  6 kobolds
  3 rats
118 creatures vanquished.

Notes
Turn   | Place    | Note
-------+----------+-------------------------------------------
     0 | D:1      | jagang the Human Monk began the quest for the Orb.
     0 | D:1      | Reached XP level 1. HP: 18/18 MP: 1/1
   113 | D:1      | Reached XP level 2. HP: 24/24 MP: 2/2
   213 | D:1      | Found Qogul's Antique Weapon Shoppe.
   237 | D:1      | Reached skill level 1 in Armour
   339 | D:1      | Reached XP level 3. HP: 29/29 MP: 3/3
   754 | D:2      | Reached XP level 4. HP: 31/35 MP: 4/4
   785 | D:2      | Reached skill level 1 in Invocations
  1525 | D:3      | Reached XP level 5. HP: 42/42 MP: 6/6
  2085 | D:3      | Noticed a black bear
  2099 | D:3      | Killed a black bear
  2100 | D:3      | Reached XP level 6. HP: 10/48 MP: 2/7
  2313 | D:3      | Noticed a water moccasin
  2322 | D:3      | Killed a water moccasin
  2323 | D:3      | Reached XP level 7. HP: 40/55 MP: 5/9
  2375 | D:3      | Noticed Sigmund
  2388 | D:3      | Killed Sigmund
  2456 | D:3      | Noticed Robin
  2483 | D:3      | Killed Robin
  2957 | D:4      | Reached skill level 5 in Long Blades
  2968 | D:4      | Reached skill level 5 in Fighting
  3352 | D:4      | Found Nuocac's General Store.
  3354 | D:4      | Found Hiunov's Distillery.
  3374 | D:4      | Reached XP level 8. HP: 35/62 MP: 4/10
  3375 | D:4      | Found Ubreoj's Distillery.
  3678 | D:4      | Bought a potion of heal wounds for 70 gold pieces
  3678 | D:4      | Bought a potion of curing for 42 gold pieces
  3678 | D:4      | Bought a potion of curing for 42 gold pieces
  3976 | D:4      | Noticed Blork the orc
  3988 | D:4      | Killed Blork the orc
  4297 | D:5      | Entered Level 5 of the Dungeon
  4603 | D:5      | Found Dauliur's Armour Emporium.
  4669 | D:5      | Noticed Dowan
  4670 | D:5      | Noticed Duvessa
  4714 | D:6      | Found an opulent altar of Gozag.
  4714 | D:6      | Found a shadowy altar of Dithmenos.
  4835 | D:6      | Found a sparkling altar of Nemelex Xobeh.
  4867 | D:6      | Reached skill level 5 in Invocations
  5087 | D:6      | Noticed a shadow
  5114 | D:6      | Killed a shadow
  5115 | D:6      | Reached skill level 5 in Armour
  5115 | D:6      | Reached XP level 9. HP: 63/69 MP: 10/13
  5381 | D:6      | Identified the +1 robe of the Shore {Fly rPois Str+2}
  5652 | D:5      | Killed Dowan
  5663 | D:5      | Mangled by Duvessa

Illustrated notes

Levels and vault maps discovered:
D:1:      beargit_arrival_greenhouse, layout_rooms, serial_shops, shop
D:2:      minmay_skewed_foursquare, layout_basic
D:3:      layout_loops_corners, roderic_malta_cross, uniq_sigmund, uniq_robin
D:4:      layout_basic, nicolae_shop_distant_corner_stores, uniq_blork_the_orc
D:5:      layout_rooms, serial_shops, nicolae_lakefront_shop,
          minmay_tree_intersection, kennysheep_generic_room_4, uniq_duvessa
D:6:      layout_gridville, nemelex_spade_bored_becter,
          nicolae_overflow_hidden_temple

Skill      XL: |  1  2  3  4  5  6  7  8 |
---------------+-------------------------+-----
Armour         | 1 2 3 5 |  5.3
Invocations    | 1 2 3 5 |  5.6
Fighting       | 4 5 6 |  6.3
Long Blades    | 4 5 6 |  6.3
Dodging        | |  3.0

Action                     |  1- 3 |  4- 6 |  7- 9 || total
---------------------------+-------+-------+-------++-------
  Melee: Falchion          |    67 |   116 |   113 ||   296
         Long sword        |       |       |   153 ||   153
  Throw: Boomerang         |       |     3 |    22 ||    25
    Use: Scroll            |       |       |     5 ||     5
         Potion            |       |       |     2 ||     2
 Armour: Robe              |     1 |       |       ||     1
         Leather armour    |    13 |    20 |       ||    33
         Scale mail        |       |    13 |    74 ||    87
         Chain mail        |       |       |    27 ||    27
         Plate armour      |       |       |    19 ||    19
  Dodge: Dodged            |    46 |    89 |   127 ||   262
